Map: Catalyst LE

Players

RockBMan - Winner!

  • Race: Zerg Zerg
  • League: Gold
  • Spawn Location: 5:00

fruitcake

  • Race: Terran Terran
  • Spawn Location: 11:00

VOD

Have the link to the VOD?

Description

Time

  • Played on: May 12, 2018, 11:45 a.m.
  • Length: 13:24
Show
View Real Time Build Order
Export as new Build Order

RockBMan Zerg - Winner!

Build Orders: Hatch First 

Get SALT Encoding   

  12  0:02  Drone  
  13  0:08  Drone  
  14  0:14  Extractor  
  14  0:16  Drone  
  14  0:20  Extractor  
  13  0:22  Drone  
  16  0:29  Overlord  
  16  0:51  Hatchery  
  16  0:53  Drone  
  16  1:04  Drone x2  
  18  1:16  Spawning Pool  
  17  1:19  Drone  
  17  1:24  Drone, Extractor  
  18  1:31  Drone  
  19  1:39  Overlord  
  19  1:49  Drone  
  20  2:00  Drone  
  21  2:05  Drone  
  21  2:07  Queen  
  21  2:08  Queen  
  26  2:12  Drone  
  27  2:26  Drone  
  27  2:28  Metabolic Boost  
  28  2:30  Drone x2  
  28  2:35  Drone x2  
  32  2:49  Drone, Roach Warren  
  32  3:03  Drone  
  32  3:04  Drone x2  
  35  3:06  Overlord  
  35  3:13  Drone  
  36  3:22  Overlord  
  36  3:23  Queen x2  
  40  3:31  Zergling x6  
  40  3:33  Drone  
  44  3:43  Extractor  
  44  3:45  Drone x2  
  44  3:46  Drone x2  
  47  4:07  Lair  
  46  4:15  Zergling x2  
  46  4:16  Zergling x14  
  52  4:21  Hatchery  
  52  4:22  Drone  
  52  4:31  Overlord x2  
  52  4:49  Overlord x2  
  52  4:51  Drone x3  
  52  4:52  Drone  
  51  5:07  Roach x6  
  52  5:08  Roach  
  52  5:10  Overlord  
  62  5:19  Drone x2  
  62  5:20  Hydralisk Den  
  63  5:24  Drone x3  
  63  5:28  Extractor  
  65  5:29  Drone  
  65  5:30  Extractor  
  65  5:34  Queen  
  65  5:35  Drone x3  
  69  5:36  Drone x2  
  69  5:38  Glial Reconstitution  
  69  5:41  Drone  
  73  5:48  Drone x2  
  75  5:52  Drone x4  
  79  5:59  Drone x2  
  81  6:09  Drone, Queen  
  81  6:10  Drone x3  
  87  6:13  Evolution Chamber x2  
  87  6:15  Evolution Chamber  
  87  6:16  Roach x2  
  88  6:22  Drone x3  
  88  6:25  Drone  
  92  6:26  Drone x2  
  92  6:32  Grooved Spines  
  94  6:35  Roach x2  
  98  6:40  Zerg Melee Weapons Level 1  
  98  6:41  Zerg Missile Weapons Level 1  
  98  6:52  Zerg Ground Armor Level 1  
  98  6:58  Overlord x3  
  98  7:10  Overlord  
  98  7:11  Overlord  
  98  7:17  Drone x4  
  98  7:18  Drone x2  
  98  7:21  Roach  
  98  7:22  Roach x6  
  120  7:23  Roach x2  
  122  7:31  Hatchery  
  119  7:40  Hydralisk  
  119  7:41  Hydralisk x6  
  119  7:44  Muscular Augments  
  133  7:52  Hydralisk x2  
  133  7:57  Drone  
  138  7:58  Overlord  
  138  7:59  Overlord  
  138  8:05  Extractor  
  138  8:07  Drone, Extractor  
  138  8:09  Overlord x2  
  137  8:17  Roach  
  137  8:18  Roach, Hydralisk x5  
  151  8:23  Overlord x2  
  151  8:41  Infestation Pit  
  150  8:49  Queen  
  150  8:53  Roach  
  150  8:54  Roach x5, Hydralisk x4  
  150  8:55  Hydralisk  
  174  9:01  Drone x3  
  177  9:05  Roach x3  
  177  9:09  Zerg Melee Weapons Level 2  
  183  9:34  Zerg Missile Weapons Level 2  
  183  9:35  Zerg Ground Armor Level 2  
  135  9:49  Roach x5  
  135  9:50  Roach x6  
  135  9:51  Roach  
  131  9:57  Extractor  
  131  9:58  Extractor  
  129  10:04  Zergling x12  
  129  10:05  Zergling x14  
  129  10:06  Zergling x8  
  146  10:13  Zergling x4  
  146  10:14  Zergling x12  
  154  10:36  Roach x6, Hydralisk x3  
  154  10:37  Hydralisk x3  
  161  10:52  Hydralisk x2  
  161  10:53  Hydralisk x7  
  161  10:56  Roach  
  161  10:57  Roach x3  
  187  11:08  Hive  
  187  11:15  Roach x2  
  187  11:17  Overlord x2  
  125  12:06  Roach x7  
  125  12:07  Roach x7, Hydralisk x2  
  125  12:08  Roach x2, Hydralisk x7  
  139  12:09  Hydralisk x3  
  151  12:31  Roach x5  
  151  12:32  Roach x5  
Show
View Real Time Build Order
Export as new Build Order

fruitcake Terran 

Build Orders:  

Get SALT Encoding   

  12  0:00  SCV  
  13  0:21  SCV, Supply Depot  
  13  0:26  Refinery  
  14  0:33  SCV  
  15  0:45  SCV  
  16  0:52  Barracks  
  16  0:57  SCV  
  17  1:09  SCV  
  18  1:33  Command Center  
  18  1:37  SCV  
  19  1:46  Marine  
  20  1:49  SCV  
  21  1:56  Supply Depot  
  21  2:04  Marine  
  22  2:22  Marine  
  23  2:37  Factory  
  23  2:46  Orbital Command  
  23  2:47  SCV  
  23  2:48  Refinery  
  24  2:51  Barracks Reactor  
  24  2:59  SCV  
  25  3:11  SCV  
  26  3:23  SCV, Starport  
  26  3:24  SCV  
  28  3:33  Marine x2, Factory Tech Lab  
  30  3:35  SCV  
  30  3:36  SCV  
  30  3:37  Refinery  
  32  3:43  Engineering Bay  
  32  3:47  SCV  
  32  3:48  SCV  
  34  3:50  Marine x2  
  36  3:59  SCV  
  36  4:00  SCV  
  38  4:08  Starport Reactor  
  38  4:11  SCV  
  38  4:12  SCV  
  38  4:15  Siege Tank  
  42  4:31  Starport  
  42  4:34  Marine x2  
  44  4:44  Refinery  
  44  4:48  Terran Infantry Weapons Level 1, Supply Depot  
  44  4:49  Supply Depot  
  40  5:06  Marine x2  
  45  5:07  Siege Tank  
  45  5:18  Factory  
  45  5:24  Marine x2, SCV, Missile Turret  
  45  5:27  SCV, Missile Turret  
  49  5:34  Starport Tech Lab  
  49  5:36  SCV  
  49  5:39  SCV  
  49  5:41  Marine  
  52  5:46  Barracks  
  52  5:50  Medivac  
  52  5:54  Starport  
  54  5:58  SCV  
  55  6:05  Marine, Siege Tank  
  55  6:06  Marine  
  55  6:10  SCV  
  61  6:19  Factory Tech Lab  
  61  6:22  SCV  
  62  6:26  Sensor Tower  
  62  6:29  Supply Depot  
  62  6:30  Supply Depot  
  62  6:31  Supply Depot  
  62  6:32  Marine  
  62  6:35  SCV  
  67  6:40  Siege Tank  
  68  6:47  SCV  
  68  6:50  Siege Tank  
  71  7:03  Armory  
  71  7:10  Starport Tech Lab  
  71  7:12  Siege Tank, Banshee  
  77  7:19  Viking  
  77  7:22  Orbital Command  
  79  7:36  Command Center  
  85  7:44  Siege Tank  
  82  8:14  Raven  
  82  8:15  Banshee  
  87  8:25  Marine  
  87  8:26  Marine x2  
  90  8:28  Stimpack  
  90  8:31  Terran Vehicle Weapons Level 1  
  92  8:43  Marine x2  
  92  8:53  Planetary Fortress  
  92  8:57  Banshee  
  92  8:58  Banshee  
  92  9:01  Marine x2  
  100  9:05  Terran Infantry Weapons Level 2  
  100  9:06  Supply Depot  
  100  9:08  Supply Depot x3  
  100  9:09  Supply Depot  
  100  9:10  Supply Depot x2  
  100  9:15  Refinery  
  100  9:19  Marine x2  
  104  9:25  Hellbat x2  
  104  9:29  Marauder  
  108  9:37  Marine x2  
  106  9:41  Refinery  
  91  9:46  Hellbat  
  91  9:47  Hellbat  
  91  9:50  Marauder  
  91  9:52  Siege Tank  
  95  9:55  Marine x2  
  97  10:02  Starport Tech Lab  
  97  10:05  Banshee  
  100  10:08  Hellbat x2  
  100  10:11  SCV x3, Marauder  
  100  10:12  Marine x2  
  111  10:23  SCV x3  
  111  10:24  Siege Tank  
  117  10:29  Terran Vehicle Weapons Level 2, Hellbat x2  
  117  10:30  Marine x2  
  117  10:34  Banshee  
  117  10:35  SCV x3  
  128  10:36  Supply Depot  
  129  10:47  SCV x2  
  129  10:48  SCV, Banshee  
  134  10:51  Hellbat x2  
  134  10:56  Siege Tank  
  141  10:59  SCV x2  
  141  11:00  Marine x2  
  145  11:12  Command Center, Hellbat x2  
  145  11:13  SCV  
  145  11:18  Marine x2  
  152  11:26  SCV  
  152  11:28  Hellbat  
  152  11:32  Banshee  
  158  11:33  Hellbat x2  
  158  11:35  Medivac  
  158  11:36  Marine x2  
  158  11:38  SCV  
  167  11:50  SCV, Hellbat  
  147  11:55  Hellbat x2  
  116  12:02  SCV  
  94  12:11  Hellbat  
  88  12:16  Widow Mine x2  
  88  12:33  Widow Mine  
  87  12:42  Hellbat x2  
  91  12:54  Widow Mine  
  93  13:03  Hellbat  
Tags
 
Add a new tag
Caveats
  • Supply blocks, unpowered buildings, or Contaminate may cause inaccurate times.
  • Supply counts are checked every 10 seconds.